 Dungeon Crawl Stone Soup version 0.29.1-12-g30fa7ad0bf (webtiles) character file.

Game seed: 16818835815020247341

30619 112233 the Geomancer (level 13, -2/82 HPs)
             Began as an Octopode Earth Elementalist on Dec 17, 2022.
             Was an Initiate of Gozag.
             Slain by a blink frog (16 damage)
             ... on level 3 of the Lair of Beasts.
             The game lasted 00:38:45 (22869 turns).

112233 the Geomancer (Octopode Earth Elementalist) Turns: 22869, Time: 00:38:46

Health: -2/82      AC:  2    Str:  7    XL:     13   Next: 52%
Magic:  20/36      EV: 20    Int: 21    God:    Gozag
Gold:   1076       SH:  0    Dex: 19    Spells: 11/32 levels left

rFire   + + .      SeeInvis .   x - +8 dagger of the Supporting Gods {vamp, rF++ Dex+3}
rCold   . . .      Faith    .   (no shield)
rNeg    . . .      Spirit   .   J - +1 hat
rPois   .          Reflect  .   m - amulet of magic regeneration
rElec   .          Harm     .   k - ring of magical power
rCorr   .          Rampage  .   (no ring)
Will    .....                   (no ring)
Stlth   +++.......              (no ring)
HPRegen 0.23/turn               (no ring)
MPRegen 0.65/turn               (no ring)
                                (no ring)
                                (no ring)

@: gold aura
A: almost no armour, amphibious, 8 rings, camouflage 1, gelatinous body 1,
(nimble swimmer 1), tentacles, agile 1, frail 1
a: Renounce Religion, Potion Petition, Call Merchant, Bribe Branch


You were on level 3 of the Lair of Beasts.
You worshipped Gozag.
Gozag was most pleased with you.
You visited 3 branches of the dungeon, and saw 17 of its levels.

You collected 4650 gold pieces.
You spent 762 gold pieces at shops.
You paid 2812 gold pieces to Gozag.

Inventory:

Hand Weapons
 d - a +0 dagger
 f - a +2 demon whip of venom
 g - a +0 falchion
 j - a +2 vampiric dagger
 x - the +8 dagger of the Supporting Gods (weapon) {vamp, rF++ Dex+3}
   (You found it on level 4 of the Dungeon)

   It occasionally heals its wielder for a portion of the damage dealt when it
   wounds a living foe.
   Dex:       It affects your dexterity (+3).
   rF:        It greatly protects you from fire.
 A - a +2 dagger of speed
Missiles
 I - a throwing net
 K - 3 silver javelins
Armour
 c - a +0 kite shield
 J - a +1 hat (worn)
Jewellery
 k - a ring of magical power (left tentacle)
 m - an amulet of magic regeneration (around mantle)
Wands
 q - a wand of paralysis (26)
 C - a wand of flame (13)
 D - a wand of mindburst (3)
 E - a wand of roots (4)
Scrolls
 b - 4 scrolls of silence
 h - 4 scrolls of immolation
 n - 2 scrolls of fear
 o - 2 scrolls of vulnerability {unknown}
 p - a scroll of fog {unknown}
 t - 2 scrolls of summoning {unknown}
 u - 2 scrolls of blinking {unknown}
 y - 6 scrolls of identify
 F - a scroll of amnesia {unknown}
 H - a scroll of noise {unknown}
 L - a scroll of acquirement {unknown}
Potions
 a - 3 potions of magic
 e - 2 potions of might
 i - a potion of resistance {unknown}
 l - 2 potions of flight
 r - a potion of cancellation
 s - 3 potions of brilliance {unknown}
 v - 2 potions of invisibility {unknown}
 w - 2 potions of attraction {unknown}
 z - 2 potions of degeneration
 B - a potion of haste
 G - 2 potions of heal wounds
 M - a potion of curing


   Skills:
 + Level 10.1 Fighting
 + Level 10.3 Dodging
 - Level 2.7 Stealth
 * Level 10.4 Spellcasting
 + Level 6.7 Conjurations
 - Level 1.0 Transmutations
 + Level 12.9 Earth Magic


You had 11 spell levels left.
You knew the following spells:

 Your Spells              Type           Power      Damage    Failure   Level
a - Sandblast             Erth           100%       2d20      1%          1
b - Stone Arrow           Conj/Erth      100%       3d13      1%          3
c - Iron Shot             Conj/Erth      25%        9d5       17%         6
d - Lee's Rapid Deconstr  Erth           30%        3d17*     1%          5
e - Petrify               Tmut/Erth      40%        N/A       3%          4
f - Passwall              Tmut/Erth      33%        N/A       1%          2

Your spell library contained the following spells:

 Spells                   Type           Power      Damage    Failure   Level
 Magic Dart               Conj           100%       1d8       1%          1
 Searing Ray              Conj           78%        2d7       1%          2
 Beastly Appendage        Tmut           30%        N/A       4%          1
 Wereblood                Tmut           15%        N/A       6%          2
 Spider Form              Tmut/Pois      13%        N/A       16%         3
 Fulminant Prism          Conj/Hex       12%        3d9       16%         4
 Iskenderun's Mystic Bla  Conj/Tloc      25%        2d7       16%         4
 Ozocubu's Armour         Ice            10%        N/A       19%         3
 Blade Hands              Tmut           7%         N/A       75%         5
 Ozocubu's Refrigeration  Ice            5%         4d8       100%        7
 Animate Armour           Summ/Erth      Unusable   N/A       N/A         4

Dungeon Overview and Level Annotations

Branches:
Dungeon (12/15)            Temple (0/1) D:5            Lair (3/5) D:8
 Shoals (0/4) Lair:2        Snake (0/4) Lair:2          Orc (2/2) D:11
    Elf: Orc:2

Altars:
Dithmenos
Gozag
Hepliaklqana
Makhleb
Okawaru
Qazlal
Ru
Sif Muna
Xom
Zin

Shops:
D:2 :   D:3 *   D:4 *((::   D:10 [

Annotations:
D:3 exclusion: 2 downstairs
D:4 exclusion: downstairs
D:6 exclusion: downstairs
D:7 1 runed translucent door, Gabide's ghost, novice FoBe
D:9 4 transporters
D:12 2 runed translucent doors


Innate Abilities, Weirdness & Mutations

You cannot wear most types of armour.
You are amphibious.
You can wear up to eight rings at the same time.
Your skin changes colour to match your surroundings (Stealth+).
Your rubbery body absorbs attacks. (AC +1, EV +1)
((You are camouflaged when in or above water. (Stealth+)))
You have tentacles for arms and can constrict up to eight enemies at once.
You are agile. (Dex +4, Str/Int -1)
You are frail. (-10% HP)


Message History

Aim: a blink frog (61% to hit)
The stone arrow hits the blink frog!!
The blink frog is almost dead.
The blink frog blinks!
Unknown command.
Casting: Stone Arrow (safe; 1% risk of failure)
Confirm with . or Enter, or press ? or * to list all spells.
Aiming: Stone Arrow (safe; 1% risk of failure)
Press: ? - help, Shift-Dir - straight line, f - blink frog, p - blink frog
Aim: a blink frog (61% to hit)
The stone arrow misses the blink frog.
The blink frog blinks!
Casting: Stone Arrow (safe; 1% risk of failure)
Confirm with . or Enter, or press ? or * to list all spells.
Aiming: Stone Arrow (safe; 1% risk of failure)
Press: ? - help, Shift-Dir - straight line, f/p - blink frog
Aim: a blink frog (61% to hit)
The stone arrow misses the blink frog.
The blink frog is distracted by your dazzling golden aura.
The blink frog barely misses you.
Unknown command.
Casting: Stone Arrow (safe; 1% risk of failure)
Confirm with . or Enter, or press ? or * to list all spells.
Aiming: Stone Arrow (safe; 1% risk of failure)
Press: ? - help, Shift-Dir - straight line, f/p - blink frog
Aim: a blink frog (unaware, hasn't noticed you, 61% to hit)
The stone arrow hits the blink frog!!
The blink frog is severely wounded.
The blink frog is no longer distracted by gold.
The blink frog completely misses you.
Casting: Stone Arrow (safe; 1% risk of failure)
Confirm with . or Enter, or press ? or * to list all spells.
Aiming: Stone Arrow (safe; 1% risk of failure)
Press: ? - help, Shift-Dir - straight line, f/p - blink frog
Aim: a blink frog (severely wounded, 61% to hit)
The stone arrow misses the blink frog.
The blink frog closely misses you. The blink frog hits you!
* * * LOW HITPOINT WARNING * * *
The blink frog blinks!
The blink frog hits you!
You die...
Your body crumbles into a pile of gold.

##.##########....##.######...##
##..#.####.#.F..###'.#.###...##
#..............................
##.............................
#.............................
#.............................
##.##....####..................
#..# ##<## ##.ยง.<##...........
##.# .# #@...##..PP......# #.##
. #F..........F....# #..#
##....#....#..F.... #..#
#P.....P...#......# #..###
####........##...$..#
##..#.#####.##.....#..#.......#
#..................####........
##................## #.........
##.......>.....................


You could see 2 blink frogs.

Vanquished Creatures
  2 hydras (Lair:3)
  4 two-headed ogres
  Nergalle (D:8)
  Amaemon (D:11)
  An orc knight (Orc:2)
  Pikel (D:7)
  3 cyclopes
  2 manticores
  A torpor snail (Lair:1)
  Joseph (D:7)
  An orange demon (D:11)
  A kobold demonologist (D:10)
  6 cane toads
  A rime drake (Lair:1)
  5 komodo dragons
  4 trolls
  2 polar bears (Lair:2)
  Prince Ribbit (D:7)
  Grinder (D:6)
  4 blink frogs
  2 wraiths
  A shadow (D:8)
  A vampire (D:12)
  52 yaks
  A wyvern (D:10)
  4 basilisks
  Eustachio (D:5)
  Menkaure (D:6)
  3 nagas (Lair:2)
  6 water moccasins
  3 sky beasts
  16 orc warriors
  4 black bears
  2 ice beasts (D:6)
  6 ogres
  3 centaurs
  A phantom (D:3)
  3 lemures
  4 kobold brigands
  9 bullfrogs
  5 scorpions
  A necrophage (D:8)
  A wight (D:8)
  7 killer bees
  7 howler monkeys
  3 hounds
  A quasit (D:7)
  2 gnoll boudas
  6 orc priests
  3 jellies
  6 iguanas
  18 orc wizards
  14 gnolls
  7 adders
  A shadow imp (D:7)
  4 white imps
  5 ufetubi
  3 dart slugs
  79 orcs
  5 bats
  10 endoplasms
  5 giant cockroaches
  6 goblins
  12 hobgoblins
  4 jackals (D:5)
  4 quokkas
  8 ball pythons
  4 frilled lizards
  24 kobolds
  3 rats (D:1)
424 creatures vanquished.

Vanquished Creatures (others)
  8 demonic plants (D:7)
  56 fungi
  68 plants
132 creatures vanquished.

Grand Total: 556 creatures vanquished

Notes
Turn   | Place    | Note
-------+----------+-------------------------------------------
     0 | D:1      | 112233 the Octopode Earth Elementalist began the quest for
                  | the Orb.
     0 | D:1      | Reached XP level 1. HP: 11/11 MP: 3/3
   519 | D:2      | Reached XP level 2. HP: 17/17 MP: 1/5
   773 | D:3      | Reached skill level 4 in Earth Magic
   805 | D:3      | Reached XP level 3. HP: 21/21 MP: 4/6
   825 | D:4      | Learned a level 3 spell: Stone Arrow
  1001 | D:4      | Noticed a scorpion
  1185 | D:3      | Found Gozag's Platinum Reserve.
  1188 | D:3      | Found an opulent altar of Gozag.
  1285 | D:3      | Noticed a phantom
  1773 | D:2      | Reached XP level 4. HP: 27/27 MP: 3/7
  1902 | D:3      | Became a worshipper of Gozag Ym Sagoz the Greedy
  2056 | D:2      | Found Jyosseh's Vocational Training.
  2577 | D:1      | Reached skill level 5 in Earth Magic
  2708 | D:1      | Found a faded altar of an unknown god.
  3593 | D:3      | Killed a phantom
  3594 | D:3      | Reached skill level 6 in Earth Magic
  3594 | D:3      | Reached XP level 5. HP: 3/31 MP: 1/8
  3594 | D:3      | HP: 1/31 [dart slug/slug dart (3)]
  3699 | D:3      | Found a burning altar of Makhleb.
  3699 | D:3      | Found the +6 shillelagh "Devastator" {shatter}
  4067 | D:3      | Learned a level 2 spell: Passwall
  4129 | D:4      | Found Roxeadghu's General Store.
  4129 | D:4      | Found Maroyluo's Weapon Shoppe.
  4186 | D:4      | Identified the +8 dagger of the Supporting Gods {vamp, rF++
                  | Dex+3}
  4215 | D:4      | Bought a scroll of teleportation for 42 gold pieces
  4215 | D:4      | Bought a scroll of identify for 28 gold pieces
  4215 | D:4      | Bought 2 potions of degeneration for 28 gold pieces
  4234 | D:4      | Reached XP level 6. HP: 36/36 MP: 4/9
  4376 | D:4      | Reached skill level 7 in Earth Magic
  4544 | D:4      | Found Didoocet's Book Shoppe.
  4655 | D:4      | Found Feromoxa's Book Shop.
  4850 | D:4      | Reached XP level 7. HP: 41/41 MP: 7/10
  5035 | D:4      | Reached skill level 8 in Earth Magic
  5377 | D:4      | Found Joidoddu's Weapon Boutique.
  5574 | D:5      | Entered Level 5 of the Dungeon
  5810 | D:5      | Noticed Eustachio
  5845 | D:5      | Killed Eustachio
  5846 | D:5      | Reached skill level 1 in Fighting
  6027 | D:5      | Reached XP level 8. HP: 48/48 MP: 3/12
  6375 | D:5      | Found a staircase to the Ecumenical Temple.
  6570 | D:6      | Found an iron altar of Okawaru.
  6588 | D:6      | Found a hazy altar of Hepliaklqana.
  6664 | D:6      | Noticed Grinder
  6669 | D:6      | Killed Grinder
  6728 | D:6      | Reached skill level 9 in Earth Magic
  7092 | D:6      | Noticed Menkaure
  7094 | D:6      | Killed Menkaure
  7095 | D:6      | Reached XP level 9. HP: 58/58 MP: 15/15
  7165 | D:6      | Found a shadowy altar of Dithmenos.
  7546 | D:6      | Found a shimmering blue altar of Sif Muna.
  7698 | D:7      | Reached skill level 5 in Dodging
  7721 | D:7      | Noticed Joseph
  8162 | D:8      | Reached skill level 5 in Spellcasting
  8190 | D:8      | Reached skill level 5 in Fighting
  8208 | D:8      | Reached skill level 10 in Earth Magic
  8221 | D:8      | Noticed Prince Ribbit
  8226 | D:8      | Found a glowing silver altar of Zin.
  8563 | D:7      | Noticed Pikel
  8748 | D:7      | Reached XP level 10. HP: 66/66 MP: 18/18
  9057 | D:7      | Killed Joseph
  9288 | D:7      | Killed Pikel
  9358 | D:7      | Killed Prince Ribbit
  9609 | D:7      | Found a runed translucent door.
  9609 | D:7      | Found a shimmering altar of Xom.
  9609 | D:7      | Noticed Gabide's ghost (novice FoBe)
  9610 | D:7      | Noticed a +5 quarterstaff of chaos
 10926 | D:8      | Found a staircase to the Lair.
 11529 | D:9      | Found a transporter.
 11610 | D:8      | Reached skill level 11 in Earth Magic
 11683 | D:8      | Reached XP level 11. HP: 66/75 MP: 21/21
 11910 | D:9      | Found a transporter.
 11939 | D:9      | Learned a level 5 spell: Lee's Rapid Deconstruction
 11944 | D:9      | Learned a level 4 spell: Petrify
 12054 | D:4      | Bought a book of Iron for 468 gold pieces
 12061 | D:4      | Learned a level 6 spell: Iron Shot
 12198 | D:9      | Found a sacrificial altar of Ru.
 12209 | D:9      | Noticed a two-headed ogre
 12213 | D:9      | Killed a two-headed ogre
 12214 | D:9      | Reached skill level 1 in Conjurations
 12453 | D:9      | Found a transporter.
 12744 | D:9      | Found a stormy altar of Qazlal.
 12825 | D:9      | Found a transporter.
 12891 | D:10     | Entered Level 10 of the Dungeon
 13194 | D:10     | Found Nifixol's Antique Armour Boutique.
 13201 | D:10     | Bought a runed hat for 196 gold pieces
 13899 | D:11     | Noticed a cyclops
 13902 | D:11     | Killed a cyclops
 14158 | D:11     | Gained mutation: You are frail. (-10% HP) [potion of
                  | mutation]
 14158 | D:11     | Gained mutation: You have supernaturally acute eyesight.
                  | (SInv) [potion of mutation]
 14158 | D:11     | Gained mutation: One of your tentacles bears a spike.
                  | [potion of mutation]
 14181 | D:10     | Lost mutation: You have supernaturally acute eyesight.
                  | (SInv) [potion of mutation]
 14181 | D:10     | Lost mutation: One of your tentacles bears a spike. [potion
                  | of mutation]
 14181 | D:10     | Gained mutation: You are agile. (Dex +4, Str/Int -1)
                  | [potion of mutation]
 14474 | D:11     | Noticed Amaemon
 14494 | D:11     | Killed Amaemon
 14901 | D:11     | Noticed a manticore
 14910 | D:11     | Killed a manticore
 15180 | D:11     | Found a staircase to the Orcish Mines.
 15457 | D:12     | Noticed a cyclops
 15457 | D:12     | Found a runed translucent gate.
 15457 | D:12     | Found a runed translucent gate.
 15460 | D:12     | Killed a cyclops
 15776 | D:12     | Noticed a two-headed ogre
 15780 | D:12     | Killed a two-headed ogre
 15856 | D:12     | Noticed a seven-headed hydra
 15873 | D:12     | Reached XP level 12. HP: 75/75 MP: 15/24
 15973 | D:12     | HP: 3/75 [troll (15)]
 16526 | Orc:1    | Entered Level 1 of the Orcish Mines
 16982 | Orc:2    | Entered Level 2 of the Orcish Mines
 17459 | Orc:2    | Noticed a two-headed ogre
 17480 | Orc:2    | Killed a two-headed ogre
 17481 | Orc:2    | Reached skill level 12 in Earth Magic
 17547 | Orc:2    | Noticed a two-headed ogre
 17553 | Orc:2    | Killed a two-headed ogre
 18122 | Orc:2    | Reached skill level 5 in Conjurations
 18700 | Orc:2    | Noticed an orc warlord
 18871 | Lair:1   | Entered Level 1 of the Lair of Beasts
 18871 | Lair:1   | Noticed Nergalle
 18881 | D:8      | Killed Nergalle
 20116 | Lair:1   | Reached XP level 13. HP: 81/81 MP: 22/26
 20819 | Lair:1   | Identified the +1 chain mail of Egalitarianism {rN+ Str+2
                  | Stlth+}
 21232 | Lair:2   | Reached skill level 10 in Dodging
 21536 | Lair:2   | Reached skill level 10 in Spellcasting
 21703 | Lair:2   | Found a staircase to the Shoals.
 21948 | Lair:2   | Found a staircase to the Snake Pit.
 22358 | Lair:3   | Reached skill level 10 in Fighting
 22763 | Lair:3   | HP: 1/82 [seven-headed hydra (11)]
 22869 | Lair:3   | Slain by a blink frog

Illustrated notes

Levels and vault maps discovered:
D:1:      amcnicky_arrival_blooded_trapdoor, layout_rooms, serial_glass,
          glass_columns_b, glass_columns_a, glass_columns_b, glass_columns_c,
          glass_columns_a, glass_columns_b, glass_columns_b, glass_columns_a,
          glass_columns_a, glass_columns_b, due_unseen_surprise,
          feat_on_display, feat_on_display, hellmonk_ecumenical_altar_blasted,
          minmay_octomino_j4
D:2:      layout_loops_corners, minivault_27, nicolae_shop_vocational
D:3:      layout_basic, nicolae_gozag_zags_fifth_avenue, bloody_makhleb,
          nicolae_hexahallways, minmay_goblin_kobold_house
D:4:      layout_loops_ring, serial_shops, kennysheep_little_box, shop_coins,
          nicolae_shop_window_shopping, shop_fountains,
          nicolae_shop_bloodbath_and_beyond, st_stairs_9
D:5:      layout_basic, temple_fountains, uniq_eustachio
D:6:      layout_loops_ring, grunt_temple_overflow_open,
          grunt_dithmenos_smoke_and_mirrors, kennysheep_orc_sif_temple,
          serial_rivers, chequers_serial_rivers_micro_a,
          chequers_serial_rivers_micro_d, chequers_serial_rivers_micro_e,
          chequers_serial_rivers_room_b, uniq_grinder, uniq_menkaure
D:7:      layout_basic, ebering_ghost_xom, serial_demonic, serial_demonic_g,
          serial_demonic_b, serial_demonic_f, serial_demonic_e, uniq_pikel,
          uniq_joseph
D:8:      layout_rooms, mainiacjoe_overflow_cross_hatched,
          due_lair_maze_entry_diamond, uniq_prince_ribbit1
D:9:      layout_roguey, general_overflow_altar,
          mainiacjoe_overflow_tiny_flanked, nicolae_transporter_intersection
D:10:     layout_grid_maze, serial_shops, nicolae_shop_stone, fungi_pond_lemuel
D:11:     layout_roguey, david_orc_4, dk_noncrumbling_3, uniq_amaemon
D:12:     minmay_wizard_corner, layout_irregular_city,
          gammafunk_ghost_necromancy, amcnicky_mini_pool_small
Lair:1:   layout_layer_cave, enter_volcano_1, uniq_nergalle
Lair:2:   layout_concentric_octagons, minmay_shoals_entry_centaurs,
          guppyfry_snake_entry_island
Lair:3:   layout_regular_city
Orc:1:    layout_diamond_mine, basic_altar
Orc:2:    pubby_orc_utopia

Skill      XL: |  1  2  3  4  5  6  7  8  9 10 11 12 13 |
---------------+----------------------------------------+-----
Earth Magic    | 4 6 7 8 9 10 11 12 | 12.9
Fighting       | 1 3 5 7 8 9 10 | 10.1
Spellcasting   | 4 5 7 8 9 10 | 10.4
Dodging        | 4 5 7 8 9 10 | 10.3
Conjurations   | 4 5 6 |  6.7
Stealth        | |  2.7
Transmutations | |  1.0

Action                   |  1- 3 |  4- 6 |  7- 9 | 10-12 | 13-15 || total
-------------------------+-------+-------+-------+-------+-------++-------
Melee: Falchion          |       |    10 |       |       |       ||    10
       Constrict         |       |     4 |     3 |     2 |       ||     9
       Tentacles         |       |     3 |     5 |     5 |     3 ||    16
       Dagger            |       |     4 |    33 |    10 |     8 ||    55
 Cast: Sandblast         |    42 |    72 |    62 |    10 |       ||   186
       Stone Arrow       |       |     1 |    90 |   474 |   124 ||   689
       Petrify           |       |       |       |     7 |       ||     7
       Lee's Rapid Decon |       |       |       |     4 |       ||     4
       Iron Shot         |       |       |       |     3 |       ||     3
       Passwall          |       |       |       |     2 |       ||     2
Invok: Potion Petition   |       |       |     1 |     5 |       ||     6
Evoke: Wand              |       |       |     5 |    14 |     1 ||    20
  Use: Potion            |     3 |     2 |     2 |    12 |     1 ||    20
       Scroll            |       |       |     3 |     6 |       ||     9
 Stab: Sleeping          |       |     4 |       |       |       ||     4
       Petrified         |       |       |       |     4 |       ||     4
Armor: Skin              |       |     4 |    15 |    27 |     2 ||    48
Dodge: Dodged            |    18 |    32 |    37 |   228 |    47 ||   362
